[Event "HUN-ch U8-U18 2019"]
[Site "Balatonlelle"]
[Date "2019.06.22"]
[Round "2.6"]
[White "Pribelszky, Bence"]
[Black "Kratzmajer, Akos Gyorgy"]
[Result "1-0"]
[ECO "D35"]
[WhiteElo "2244"]
[BlackElo "2048"]
[Annotator "NA"]
[PlyCount "107"]
[EventDate "2019.06.21"]
[EventType "swiss"]
[EventCountry "HUN"]
[SourceTitle "playchess.com"]
[Source "ChessBase"]
[SourceQuality "1"]
[TimeControl "40/5400+30:1800+30"]

1. d4 d5 2. c4 e6 3. Nc3 Nf6 4. cxd5 exd5 5. Bg5 Be7 6. e3 h6 7. Bh4 c6 8. Qc2 O-O 9. Bd3 b6 10. Nge2 Nbd7 11. O-O Bb7 12. Rfd1 Re8 13. Bf5 Nf8 14. Rac1 g6 15. Bd3 Rc8 16. Qa4 a6 17. Qb3 N6d7 18. Bg3 Bh4 19. Re1 Bxg3 20. Nxg3 Ne6 21. Rcd1 Qc7 22. Bb1 Kg7 23. Rd2 Nf6 24. Qd1 c5 25. Nce2 c4 26. f3 Nf8 27. Nc3 b5 28. a3 h5 29. Nh1 Re7 30. Nf2 Rce8 31. e4 dxe4 32. fxe4 Nd5 33. Nxd5 Bxd5 34. Rde2 Bb7 35. Qd2 Qb6 36. Qc3 Kg8 37. Rd2 f5 38. e5 Bd5 39. Qg3 Kh8 40. Nh3 Qc6 41. Nf4 a5 42. Qc3 Ra8 43. e6 Kh7 44. Re5 Rd8 45. Nxh5 gxh5 46. Rxf5 Kh8 47. Rxh5+ Nh7 48. Bxh7 Rxh7 49. Rxh7+ Kxh7 50. Qh3+ Kg7 51. Qg4+ Kf8 52. Rf2+ Ke7 53. Rf7+ Kd6 54. Qf4+ 1-0

[Event "HUN-ch U8-U18 2019"]
[Site "Balatonlelle"]
[Date "2019.06.21"]
[Round "2.6"]
[White "Vidak, Boglarka"]
[Black "Kiraly, Lilla Virag"]
[Result "*"]
[ECO "C40"]
[WhiteElo "1248"]
[BlackElo "1557"]
[Annotator "NA"]
[PlyCount "20"]
[EventDate "2019.06.21"]
[EventType "swiss"]
[EventCountry "HUN"]
[SourceTitle "playchess.com"]
[Source "ChessBase"]
[SourceQuality "1"]
[TimeControl "40/5400+30:1800+30"]

1. e4 e5 2. Nf3 Nc6 3. d4 exd4 4. Nxd4 Bc5 5. Nb3 Bb6 6. Bc4 Nge7 7. O-O d6 8. Qf3 Ne5 9. Qe2 Bg4 10. Qe1 Nxc4 *

[Event "HUN-ch U8-U18 2019"]
[Site "Balatonlelle"]
[Date "2019.06.21"]
[Round "2.7"]
[White "Borhy, Marcell"]
[Black "Farkas, Otto Jr."]
[Result "1-0"]
[ECO "D25"]
[WhiteElo "2374"]
[BlackElo "1859"]
[Annotator "NA"]
[PlyCount "69"]
[EventDate "2019.06.21"]
[EventType "swiss"]
[EventCountry "HUN"]
[SourceTitle "playchess.com"]
[Source "ChessBase"]
[SourceQuality "1"]
[TimeControl "40/5400+30:1800+30"]

1. d4 d5 2. Nf3 Nf6 3. c4 dxc4 4. e3 a6 5. a4 Nc6 6. Bxc4 Bg4 7. O-O e6 8. Nc3 Be7 9. h3 Bh5 10. Qe2 O-O 11. Rd1 Nb4 12. g4 Bg6 13. Ne5 c6 14. e4 Nd7 15. f4 Nxe5 16. dxe5 Qb6+ 17. Kg2 h6 18. f5 Bh7 19. a5 Qc7 20. fxe6 Qxe5 21. exf7+ Kh8 22. Rf1 Rad8 23. Bf4 Qc5 24. Be6 Bg5 25. Bxg5 Qxg5 26. Rad1 Qxa5 27. Rd7 Rxd7 28. Bxd7 Qd8 29. Be8 Qd3 30. e5 Qxe2+ 31. Nxe2 Be4+ 32. Kg3 Nd5 33. Nd4 Nc7 34. e6 Nd5 35. Re1 1-0

[Event "HUN-ch U8-U18 2019"]
[Site "Balatonlelle"]
[Date "2019.06.22"]
[Round "2.7"]
[White "Geher, Koppany"]
[Black "Virag, Balint"]
[Result "1-0"]
[ECO "C80"]
[WhiteElo "2089"]
[BlackElo "2173"]
[Annotator "NA"]
[PlyCount "85"]
[EventDate "2019.06.21"]
[EventType "swiss"]
[EventCountry "HUN"]
[SourceTitle "playchess.com"]
[Source "ChessBase"]
[SourceQuality "1"]
[TimeControl "40/5400+30:1800+30"]

1. e4 e5 2. Nf3 Nc6 3. Bb5 a6 4. Ba4 Nf6 5. O-O Nxe4 6. d4 b5 7. Bb3 d5 8. dxe5 Be6 9. Nbd2 Nc5 10. c3 Be7 11. Bc2 d4 12. Nb3 d3 13. Nxc5 dxc2 14. Qxd8+ Rxd8 15. Nxe6 fxe6 16. Be3 Rd5 17. Rfc1 Nxe5 18. Nxe5 Rxe5 19. Bd4 Rg5 20. Rxc2 Kf7 21. Be3 Rd5 22. c4 bxc4 23. Rxc4 Bd6 24. g3 Ke7 25. Rac1 Rb8 26. b3 Kd7 27. Kf1 g6 28. Ke2 Rb4 29. Rxb4 Bxb4 30. Rc4 a5 31. h4 Kd6 32. Bf4+ e5 33. Bh6 Rd4 34. Rc2 c6 35. a3 Kd5 36. axb4 Rxb4 37. Rc3 a4 38. Rd3+ Ke6 39. bxa4 Rxa4 40. Rd8 Ra2+ 41. Kf1 Ra1+ 42. Kg2 c5 43. Re8+ 1-0

[Event "HUN-ch U8-U18 2019"]
[Site "Balatonlelle"]
[Date "2019.06.22"]
[Round "2.8"]
[White "Dibusz, Domonkos"]
[Black "Leszko, Bence"]
[Result "1-0"]
[ECO "B33"]
[WhiteElo "2067"]
[BlackElo "2135"]
[Annotator "NA"]
[PlyCount "59"]
[EventDate "2019.06.21"]
[EventType "swiss"]
[EventCountry "HUN"]
[SourceTitle "playchess.com"]
[Source "ChessBase"]
[SourceQuality "1"]
[TimeControl "40/5400+30:1800+30"]

1. e4 c5 2. Nf3 Nc6 3. d4 cxd4 4. Nxd4 Nf6 5. Nc3 e5 6. Ndb5 d6 7. Bg5 a6 8. Na3 b5 9. Nd5 Be7 10. Bxf6 Bxf6 11. c4 b4 12. Nc2 Rb8 13. b3 O-O 14. g3 Bg5 15. Bg2 Be6 16. O-O Qd7 17. Qd3 a5 18. Rad1 Nd8 19. Nde3 Nb7 20. f4 Nc5 21. Qe2 f5 22. exf5 exf4 23. gxf4 Bxf5 24. fxg5 Rbe8 25. Qd2 Bg4 26. Nxg4 Qxg4 27. Qd5+ Kh8 28. Qxd6 Ne6 29. Rxf8+ Rxf8 30. Ne3 1-0

[Event "HUN-ch U8-U18 2019"]
[Site "Balatonlelle"]
[Date "2019.06.21"]
[Round "2.8"]
[White "Barsi, Botond"]
[Black "Pasztor, Balazs"]
[Result "0-1"]
[ECO "D02"]
[WhiteElo "1850"]
[BlackElo "2215"]
[Annotator "NA"]
[PlyCount "84"]
[EventDate "2019.06.21"]
[EventType "swiss"]
[EventCountry "HUN"]
[SourceTitle "playchess.com"]
[Source "ChessBase"]
[SourceQuality "1"]
[TimeControl "40/5400+30:1800+30"]

1. d4 d5 2. Nf3 Nf6 3. Bf4 c5 4. c3 Qb6 5. Qc2 Nc6 6. e3 g6 7. Be2 Bg7 8. O-O O-O 9. Nbd2 Nh5 10. Bg5 h6 11. Bh4 Bf5 12. Qb3 g5 13. Ne1 Nf6 14. Bg3 c4 15. Qxb6 axb6 16. a3 b5 17. Rc1 Rfe8 18. f4 g4 19. Bd1 Bd3 20. Nxd3 cxd3 21. Nb3 Na5 22. Nxa5 Rxa5 23. Rf2 Ne4 24. Rf1 h5 25. Bb3 Nd2 26. Bxd5 Nxf1 27. Kxf1 b4 28. Bxb7 bxa3 29. bxa3 Rxa3 30. Ke1 Rb8 31. Be4 Rb2 32. Bxd3 Rxg2 33. Kf1 Rb2 34. Bc4 e6 35. e4 h4 36. Bxh4 Rxh2 37. Bf2 Bh6 38. Kg1 Bxf4 39. Rb1 Rxc3 40. Bb5 g3 41. Be1 Be3+ 42. Kf1 g2+ 0-1

[Event "HUN-ch U8-U18 2019"]
[Site "Balatonlelle"]
[Date "2019.06.21"]
[Round "2.9"]
[White "Pasti, Aron"]
[Black "Petervari, Szabolcs"]
[Result "1-0"]
[ECO "B20"]
[WhiteElo "2193"]
[BlackElo "1816"]
[Annotator "NA"]
[PlyCount "59"]
[EventDate "2019.06.21"]
[EventType "swiss"]
[EventCountry "HUN"]
[SourceTitle "playchess.com"]
[Source "ChessBase"]
[SourceQuality "1"]
[TimeControl "40/5400+30:1800+30"]

1. e4 c5 2. c4 Nc6 3. Nc3 g6 4. Nge2 Bg7 5. g3 Ne5 6. Nf4 d6 7. d3 Bg4 8. Be2 Bxe2 9. Qxe2 Nf6 10. O-O O-O 11. f3 Nc6 12. Be3 a6 13. Qd2 e5 14. Nfd5 Nxd5 15. Nxd5 b5 16. f4 exf4 17. Bxf4 bxc4 18. dxc4 Rb8 19. Rab1 Nd4 20. g4 Ne6 21. Bg3 Ng5 22. Qg2 Re8 23. Rfe1 Qa5 24. b3 Be5 25. h4 Bxg3 26. Qxg3 Nxe4 27. Rxe4 Rxe4 28. Nf6+ Kg7 29. Nxe4 Qxa2 30. Qc3+ 1-0

[Event "HUN-ch U8-U18 2019"]
[Site "Balatonlelle"]
[Date "2019.06.22"]
[Round "2.9"]
[White "Ongut, Tamas Gunes"]
[Black "Zsirai, Balint"]
[Result "1-0"]
[ECO "C62"]
[WhiteElo "2120"]
[BlackElo "1342"]
[Annotator "NA"]
[PlyCount "91"]
[EventDate "2019.06.21"]
[EventType "swiss"]
[EventCountry "HUN"]
[SourceTitle "playchess.com"]
[Source "ChessBase"]
[SourceQuality "1"]
[TimeControl "40/5400+30:1800+30"]

1. e4 e5 2. Nf3 Nc6 3. Bb5 d6 4. d4 exd4 5. Nxd4 Bd7 6. O-O Be7 7. Nc3 Nf6 8. Re1 O-O 9. Bxc6 Bxc6 10. Nxc6 bxc6 11. Qf3 Nd7 12. Bf4 Bg5 13. Bg3 Qf6 14. Qd3 Bf4 15. Bxf4 Qxf4 16. g3 Qg4 17. f4 g5 18. Rf1 gxf4 19. Rxf4 Qh5 20. Rf5 Qh6 21. Raf1 Ne5 22. Qe2 Kh8 23. Nd1 Rg8 24. Ne3 Raf8 25. Rh5 Qg6 26. Rf4 Nd7 27. Rfh4 Nf6 28. Rh6 Qg5 29. Nf5 Rg6 30. Qe1 Rxh6 31. Rxh6 Ng4 32. Rh4 Re8 33. Qc3+ Ne5 34. Rf4 f6 35. Rf1 h5 36. Qa5 h4 37. Qxc7 hxg3 38. hxg3 Qg4 39. Qxd6 Qg5 40. Rf4 Ng6 41. Rg4 Qc1+ 42. Kg2 Qxc2+ 43. Kh3 Qxb2 44. Rxg6 Qe5 45. Qd7 Re7 46. Qxe7 1-0

[Event "HUN-ch U8-U18 2019"]
[Site "Balatonlelle"]
[Date "2019.06.22"]
[Round "2.10"]
[White "Tapodi, Norman Lajos"]
[Black "Baski, Barnabas"]
[Result "0-1"]
[ECO "E32"]
[WhiteElo "2043"]
[BlackElo "2108"]
[Annotator "NA"]
[PlyCount "104"]
[EventDate "2019.06.21"]
[EventType "swiss"]
[EventCountry "HUN"]
[SourceTitle "playchess.com"]
[Source "ChessBase"]
[SourceQuality "1"]
[TimeControl "40/5400+30:1800+30"]

1. d4 e6 2. c4 Nf6 3. Nc3 Bb4 4. Qc2 b6 5. a3 Bxc3+ 6. Qxc3 Bb7 7. Bg5 h6 8. Bxf6 Qxf6 9. Nf3 d6 10. Rd1 Nd7 11. g3 O-O 12. Bg2 e5 13. d5 a5 14. O-O a4 15. e4 Nc5 16. Nh4 Bc8 17. f4 Bd7 18. Nf5 Rae8 19. Rde1 Bxf5 20. exf5 exf4 21. Qxf6 gxf6 22. Rxe8 Rxe8 23. Rxf4 Nd3 24. Rd4 Re1+ 25. Bf1 Ne5 26. Kf2 Rb1 27. Rd2 Rc1 28. Be2 Nxc4 29. Bxc4 Rxc4 30. Ke3 b5 31. Kd3 Kf8 32. Re2 Rc5 33. Kd4 Rc4+ 34. Kd3 c5 35. dxc6 Rxc6 36. Re4 Rc5 37. g4 Re5 38. Rd4 Ke7 39. Kd2 Kd7 40. Rd3 Re4 41. h3 h5 42. Rg3 hxg4 43. hxg4 d5 44. g5 fxg5 45. Rxg5 b4 46. Rh5 bxa3 47. bxa3 Kd6 48. Kc3 f6 49. Rh8 Ke5 50. Rd8 Rf4 51. Rd7 Rxf5 52. Kb4 Rf4+ 0-1

[Event "HUN-ch U8-U18 2019"]
[Site "Balatonlelle"]
[Date "2019.06.21"]
[Round "2.10"]
[White "Gyenes, Mate"]
[Black "Juhasz, Agoston"]
[Result "0-1"]
[ECO "A45"]
[WhiteElo "1823"]
[BlackElo "2161"]
[Annotator "NA"]
[PlyCount "40"]
[EventDate "2019.06.21"]
[EventType "swiss"]
[EventCountry "HUN"]
[SourceTitle "playchess.com"]
[Source "ChessBase"]
[SourceQuality "1"]
[TimeControl "40/5400+30:1800+30"]

1. d4 Nf6 2. Bf4 d5 3. e3 c5 4. c3 Nc6 5. Nf3 Qb6 6. Qb3 c4 7. Qxb6 axb6 8. Na3 Bf5 9. Nb5 Ra5 10. a4 e6 11. Be2 Bc2 12. Nc7+ Kd7 13. Ne5+ Nxe5 14. Bxe5 Bxa4 15. Bd1 Bxd1 16. Rxa5 bxa5 17. Kxd1 Ng4 18. Bg3 Bd6 19. Bxd6 Kxd6 20. Nb5+ Kc6 0-1

[Event "HUN-ch U8-U18 2019"]
[Site "Balatonlelle"]
[Date "2019.06.22"]
[Round "2.11"]
[White "Fule, Simon"]
[Black "Kresz, Tamas"]
[Result "1/2-1/2"]
[ECO "C18"]
[WhiteElo "2148"]
[BlackElo "1766"]
[Annotator "NA"]
[PlyCount "89"]
[EventDate "2019.06.21"]
[EventType "swiss"]
[EventCountry "HUN"]
[SourceTitle "playchess.com"]
[Source "ChessBase"]
[SourceQuality "1"]
[TimeControl "40/5400+30:1800+30"]

1. e4 e6 2. d4 d5 3. Nc3 Bb4 4. e5 c5 5. a3 Bxc3+ 6. bxc3 Qa5 7. Bd2 Ne7 8. Qg4 O-O 9. Nf3 Nbc6 10. Bd3 f5 11. exf6 Rxf6 12. Qh5 Nf5 13. O-O c4 14. Bxf5 Rxf5 15. Qe8+ Rf8 16. Qh5 Rf5 17. Qh4 Bd7 18. Qg3 Raf8 19. Rfe1 Qd8 20. Re2 Qf6 21. Rae1 h6 22. Nh4 Rh5 23. Ng6 Re8 24. Nf4 Rg5 25. Qf3 Rf8 26. g3 Kh8 27. Qg2 Rf5 28. f3 Re8 29. h4 Qf7 30. h5 Kg8 31. Re3 e5 32. dxe5 Rfxe5 33. Qf2 Bf5 34. Bc1 Bd7 35. g4 Bc8 36. Ng6 Rxe3 37. Rxe3 Rxe3 38. Qxe3 Qe6 39. Qf4 Qe1+ 40. Kg2 Qe2+ 41. Kg3 Qe1+ 42. Kg2 Qe2+ 43. Kh3 Qf1+ 44. Kh2 Qf2+ 45. Kh1 1/2-1/2

[Event "HUN-ch U8-U18 2019"]
[Site "Balatonlelle"]
[Date "2019.06.22"]
[Round "2.11"]
[White "Kovacsy, Barnabas"]
[Black "Palczert, Botond"]
[Result "0-1"]
[ECO "B94"]
[WhiteElo "2136"]
[BlackElo "2068"]
[Annotator "NA"]
[PlyCount "70"]
[EventDate "2019.06.21"]
[EventType "swiss"]
[EventCountry "HUN"]
[SourceTitle "playchess.com"]
[Source "ChessBase"]
[SourceQuality "1"]
[TimeControl "40/5400+30:1800+30"]

1. e4 c5 2. Nf3 d6 3. d4 cxd4 4. Nxd4 Nf6 5. Nc3 a6 6. Bg5 Nbd7 7. Qe2 h6 8. Bh4 g6 9. O-O-O e5 10. Nb3 b5 11. f3 Qc7 12. Bf2 Nb6 13. Kb1 Be6 14. g3 Rc8 15. Bxb6 Qxb6 16. Qd2 b4 17. Nd5 Bxd5 18. exd5 a5 19. Qe2 Bg7 20. Bh3 Rc7 21. f4 O-O 22. fxe5 dxe5 23. d6 Rc6 24. Qxe5 a4 25. Nc1 Ng4 26. Qf4 Ne3 27. Nd3 Nxd1 28. Rxd1 Rxd6 29. Bg4 Rd4 30. Qe3 Qf6 31. c3 bxc3 32. Nf2 Rxg4 33. Nxg4 c2+ 34. Kxc2 Qxb2+ 35. Kd3 Rd8+ {[%emt 0:00:10] Kd4} 0-1

[Event "HUN-ch U8-U18 2019"]
[Site "Balatonlelle"]
[Date "2019.06.22"]
[Round "2.12"]
[White "Blahota, Marcell"]
[Black "Fodor, Kornel"]
[Result "1/2-1/2"]
[ECO "A45"]
[WhiteElo "1793"]
[BlackElo "1926"]
[Annotator "NA"]
[PlyCount "59"]
[EventDate "2019.06.21"]
[EventType "swiss"]
[EventCountry "HUN"]
[SourceTitle "playchess.com"]
[Source "ChessBase"]
[SourceQuality "1"]
[TimeControl "40/5400+30:1800+30"]

1. d4 Nf6 2. Bg5 Ne4 3. Bf4 d5 4. e3 e6 5. Bd3 Nf6 6. c3 c5 7. Nf3 Be7 8. O-O Nh5 9. Bg3 Nxg3 10. hxg3 Nc6 11. Nbd2 O-O 12. Qe2 g6 13. Rfe1 Rb8 14. a4 a6 15. Rac1 c4 16. Bc2 b5 17. b3 cxb3 18. Bxb3 Na5 19. Ne5 f6 20. Nd3 Nxb3 21. Nxb3 bxa4 22. Nbc5 Qa5 23. Nb4 Qb5 24. Ncxa6 Bxa6 25. Nxa6 Qxe2 26. Rxe2 Rb6 27. Nc5 Bxc5 28. dxc5 Rc6 29. Ra2 Ra8 30. Rca1 1/2-1/2

[Event "HUN-ch U8-U18 2019"]
[Site "Balatonlelle"]
[Date "2019.06.21"]
[Round "2.12"]
[White "Csidey, Csongor"]
[Black "Kozsik, Bende Barnabas"]
[Result "0-1"]
[ECO "B20"]
[WhiteElo "1708"]
[BlackElo "2089"]
[Annotator "NA"]
[PlyCount "88"]
[EventDate "2019.06.21"]
[EventType "swiss"]
[EventCountry "HUN"]
[SourceTitle "playchess.com"]
[Source "ChessBase"]
[SourceQuality "1"]
[TimeControl "40/5400+30:1800+30"]

1. e4 c5 2. c4 Nc6 3. Nc3 g6 4. g3 Bg7 5. Bg2 d6 6. Nge2 h5 7. h4 Nh6 8. O-O O-O 9. Nf4 Nd4 10. d3 Kh7 11. Nce2 Bg4 12. f3 Bd7 13. Be3 Rb8 14. Nxd4 cxd4 15. Bf2 b5 16. b3 e5 17. Nd5 f5 18. Rc1 Be6 19. Bh3 bxc4 20. bxc4 Bxd5 21. cxd5 Bf6 22. Qa4 Rb7 23. Rc6 f4 24. Rfc1 fxg3 25. Bxg3 Bxh4 26. Bxh4 Qxh4 27. Bg2 Rbf7 28. Qa3 Rxf3 29. Bxf3 Rxf3 30. Rc7+ Nf7 31. Qb2 Rg3+ 32. Qg2 Rxg2+ 33. Kxg2 Qg4+ 34. Kf2 Qf4+ 35. Ke2 Kh6 36. Rf1 Qg4+ 37. Ke1 Qg3+ 38. Kd2 Qe3+ 39. Kd1 Qxd3+ 40. Ke1 Qxe4+ 41. Kd2 Qe3+ 42. Kd1 Ng5 43. a4 Ne4 44. Rc2 d3 0-1

[Event "HUN-ch U8-U18 2019"]
[Site "Balatonlelle"]
[Date "2019.06.22"]
[Round "2.13"]
[White "Papp, Levente"]
[Black "Acs, Marton"]
[Result "1-0"]
[ECO "A13"]
[WhiteElo "2350"]
[BlackElo "2138"]
[Annotator "NA"]
[PlyCount "49"]
[EventDate "2019.06.21"]
[EventType "swiss"]
[EventCountry "HUN"]
[SourceTitle "playchess.com"]
[Source "ChessBase"]
[SourceQuality "1"]
[TimeControl "40/5400+30:1800+30"]

1. c4 e6 2. Nc3 Bb4 3. e4 c5 4. Qg4 Nf6 5. Qxg7 Rg8 6. Qh6 Nc6 7. Nf3 Nd4 8. e5 Rg6 9. Qh3 Bxc3 10. dxc3 Nc2+ 11. Kd1 Nxa1 12. exf6 d5 13. Bd2 Qxf6 14. Qh5 Bd7 15. Kc1 dxc4 16. Qxc5 Bc6 17. Bg5 Rxg5 18. Qxg5 Qxg5+ 19. Nxg5 h6 20. Nf3 Be4 21. Bxc4 Rd8 22. Re1 Bh7 23. Bb5+ Ke7 24. Ba4 a6 25. b4 1-0

[Event "HUN-ch U8-U18 2019"]
[Site "Balatonlelle"]
[Date "2019.06.21"]
[Round "2.13"]
[White "Daroczi, Donat"]
[Black "Csiki, Laszlo Levente"]
[Result "1-0"]
[ECO "C45"]
[WhiteElo "2050"]
[BlackElo "1222"]
[Annotator "NA"]
[PlyCount "49"]
[EventDate "2019.06.21"]
[EventType "swiss"]
[EventCountry "HUN"]
[SourceTitle "playchess.com"]
[Source "ChessBase"]
[SourceQuality "1"]
[TimeControl "40/5400+30:1800+30"]

1. e4 e5 2. Nf3 Nc6 3. d4 exd4 4. Nxd4 Nf6 5. Nxc6 bxc6 6. e5 Qe7 7. Qe2 Nd5 8. c4 Ba6 9. b3 g6 10. Ba3 Nb4 11. f4 f6 12. Bb2 Bh6 13. a3 Nd5 14. exf6 Qxe2+ 15. Bxe2 Nxf4 16. f7+ Kxf7 17. Bxh8 Rxh8 18. O-O Kg7 19. Nc3 Nxe2+ 20. Nxe2 d5 21. Rae1 dxc4 22. Nd4 cxb3 23. Re7+ Kg8 24. Re8+ Kg7 25. Ne6# 1-0

[Event "HUN-ch U8-U18 2019"]
[Site "Balatonlelle"]
[Date "2019.06.22"]
[Round "2.14"]
[White "Horvath, Balazs"]
[Black "Vanczak, Tamas"]
[Result "1/2-1/2"]
[ECO "A05"]
[WhiteElo "2139"]
[BlackElo "2311"]
[Annotator "NA"]
[PlyCount "88"]
[EventDate "2019.06.21"]
[EventType "swiss"]
[EventCountry "HUN"]
[SourceTitle "playchess.com"]
[Source "ChessBase"]
[SourceQuality "1"]
[TimeControl "40/5400+30:1800+30"]

1. Nf3 Nf6 2. d4 d6 3. g3 Nbd7 4. Bg2 e5 5. dxe5 dxe5 6. O-O Bc5 7. Nc3 O-O 8. Bg5 h6 9. Bxf6 Qxf6 10. Nd5 Qd8 11. b4 Bd6 12. Rb1 Nb6 13. e4 c6 14. Ne3 Be6 15. a3 Na4 16. Qd3 Bc7 17. Rfd1 Qf6 18. c4 a5 19. c5 axb4 20. axb4 Ba2 21. Qc2 Bxb1 22. Rxb1 b5 23. cxb6 Nxb6 24. b5 c5 25. Qxc5 Qd6 26. Qc2 Bb8 27. Nf5 Qf6 28. Qc6 Qxc6 29. Ne7+ Kh8 30. bxc6 Bc7 31. Nd5 Nxd5 32. exd5 Rab8 33. Rd1 Rfd8 34. Bh3 e4 35. Nh4 g6 36. Bd7 Rxd7 37. cxd7 Rd8 38. Re1 Rxd7 39. Rxe4 Rxd5 40. Nxg6+ fxg6 41. Re8+ Kg7 42. Re7+ Kf6 43. Rxc7 Rd6 44. Kg2 g5 1/2-1/2

[Event "HUN-ch U8-U18 2019"]
[Site "Balatonlelle"]
[Date "2019.06.21"]
[Round "2.14"]
[White "Petroczy, Zoltan"]
[Black "Pervai, Laszlo"]
[Result "0-1"]
[ECO "B34"]
[WhiteElo "1517"]
[BlackElo "2033"]
[Annotator "NA"]
[PlyCount "70"]
[EventDate "2019.06.21"]
[EventType "swiss"]
[EventCountry "HUN"]
[SourceTitle "playchess.com"]
[Source "ChessBase"]
[SourceQuality "1"]
[TimeControl "40/5400+30:1800+30"]

1. e4 c5 2. Nf3 Nc6 3. d4 cxd4 4. Nxd4 g6 5. Nc3 Bg7 6. Be3 Nf6 7. Nxc6 bxc6 8. e5 Ng8 9. f4 f6 10. exf6 Nxf6 11. Be2 d5 12. O-O O-O 13. Bf3 Qa5 14. Kh1 Ba6 15. Rf2 Rfd8 16. Rd2 Rab8 17. Rb1 Bc4 18. Bd4 Ne8 19. Bxg7 Nxg7 20. Qc1 Nf5 21. Nd1 Nd4 22. b3 Nxf3 23. gxf3 d4 24. c3 Bd5 25. Rf2 c5 26. Qc2 Qc7 27. cxd4 Qxf4 28. Qe2 cxd4 29. Nb2 Rf8 30. Rbf1 Qe3 31. Qd3 Rbc8 32. Qd1 Rc3 33. Kg2 Rf5 34. h3 Rg5+ 35. Kh1 Rh5 0-1

[Event "HUN-ch U8-U18 2019"]
[Site "Balatonlelle"]
[Date "2019.06.22"]
[Round "2.15"]
[White "Pogany, Zsombor"]
[Black "Bohus, Adam"]
[Result "1/2-1/2"]
[ECO "A01"]
[WhiteElo "2121"]
[BlackElo "2196"]
[Annotator "NA"]
[PlyCount "92"]
[EventDate "2019.06.21"]
[EventType "swiss"]
[EventCountry "HUN"]
[SourceTitle "playchess.com"]
[Source "ChessBase"]
[SourceQuality "1"]
[TimeControl "40/5400+30:1800+30"]

1. b3 d5 2. Bb2 Nc6 3. e3 Nf6 4. Nf3 Bg4 5. h3 Bh5 6. Bb5 e6 7. d3 Bd6 8. g4 Bg6 9. Ne5 Bxe5 10. Bxc6+ bxc6 11. Bxe5 O-O 12. Nd2 Nd7 13. Bb2 a5 14. a4 e5 15. h4 f6 16. Qe2 Rb8 17. Bc3 Qe7 18. Nf1 Nc5 19. Ng3 Qd7 20. e4 Ne6 21. Bxa5 Nf4 22. Qf3 Bf7 23. Bd2 Be6 24. Nf5 g6 25. Bxf4 exf4 26. Nh6+ Kg7 27. Qxf4 dxe4 28. Rd1 Qd6 29. Qe3 Qb4+ 30. Kf1 Bd5 31. d4 Rbe8 32. h5 f5 33. gxf5 gxf5 34. Rg1+ Kh8 35. Qg5 Qe7 36. Nxf5 Qxg5 37. Rxg5 e3 38. Re1 h6 39. Nxh6 Rxf2+ 40. Kg1 Rxc2 41. Nf5 e2 42. Rg3 Rb2 43. Re3 Rxe3 44. Nxe3 Bxb3 45. Kf2 Bxa4 46. Rxe2 Rb5 1/2-1/2

[Event "HUN-ch U8-U18 2019"]
[Site "Balatonlelle"]
[Date "2019.06.21"]
[Round "2.15"]
[White "Bilku, Andras"]
[Black "Broderick, Tamas"]
[Result "1-0"]
[ECO "D70"]
[WhiteElo "1907"]
[BlackElo "1511"]
[Annotator "NA"]
[PlyCount "87"]
[EventDate "2019.06.21"]
[EventType "swiss"]
[EventCountry "HUN"]
[SourceTitle "playchess.com"]
[Source "ChessBase"]
[SourceQuality "1"]
[TimeControl "40/5400+30:1800+30"]

1. d4 d5 2. c4 c6 3. Nf3 Nf6 4. Nbd2 Bf5 5. Nh4 Be6 6. e3 g6 7. Nhf3 Bg7 8. Bd3 O-O 9. O-O dxc4 10. Nxc4 c5 11. Qb3 Bxc4 12. Bxc4 Qb6 13. Bd2 e6 14. Bc3 Qxb3 15. Bxb3 cxd4 16. Nxd4 Nbd7 17. Rfd1 Nb6 18. Nb5 Ne4 19. Bxg7 Kxg7 20. Rac1 Rfd8 21. Nd4 Kg8 22. f3 Nf6 23. Kf2 Rd7 24. Ke2 Rad8 25. Nb5 Rxd1 26. Rxd1 Rxd1 27. Kxd1 Nbd5 28. Ke2 a6 29. Nd6 b5 30. g4 Nb4 31. a3 Nc6 32. g5 Nd7 33. Ne4 Na5 34. Ba2 Nb7 35. f4 Kf8 36. b4 Ke7 37. Kd3 e5 38. Bd5 Nd8 39. Nc5 Kd6 40. Nxd7 Kxd5 41. Nxe5 Ke6 42. Ng4 Nb7 43. e4 Nd6 44. Ne3 1-0

[Event "HUN-ch U8-U18 2019"]
[Site "Balatonlelle"]
[Date "2019.06.22"]
[Round "2.16"]
[White "Kokeny, Norbert Adrian"]
[Black "Varga, Marcell"]
[Result "1-0"]
[ECO "A05"]
[WhiteElo "2268"]
[BlackElo "2106"]
[Annotator "NA"]
[PlyCount "85"]
[EventDate "2019.06.21"]
[EventType "swiss"]
[EventCountry "HUN"]
[SourceTitle "playchess.com"]
[Source "ChessBase"]
[SourceQuality "1"]
[TimeControl "40/5400+30:1800+30"]

1. Nf3 Nf6 2. g3 c5 3. Bg2 Nc6 4. c4 d6 5. Nc3 g6 6. O-O Bg7 7. a3 O-O 8. Rb1 Rb8 9. b4 b6 10. d3 Qd7 11. Bd2 Bb7 12. Ne1 Nd4 13. e4 e6 14. f4 Ne8 15. Nc2 f5 16. Ne3 Nf6 17. b5 Rbd8 18. a4 Qc8 19. a5 bxa5 20. exf5 Bxg2 21. Nxg2 gxf5 22. Ne2 Ng4 23. h3 Nxe2+ 24. Qxe2 Bd4+ 25. Kh1 Nf6 26. Bxa5 Rde8 27. Bd2 Qb7 28. Be3 Bxe3 29. Qxe3 Kh8 30. Qf3 Qf7 31. Ra1 Rg8 32. Ne3 Qh5 33. Kh2 Re7 34. Qxh5 Nxh5 35. g4 fxg4 36. hxg4 Nf6 37. Kh3 Reg7 38. g5 Ne8 39. Ng4 Rf8 40. Nh6 e5 41. fxe5 Rxf1 42. Rxf1 Re7 43. Rf8+ 1-0

[Event "HUN-ch U8-U18 2019"]
[Site "Balatonlelle"]
[Date "2019.06.22"]
[Round "2.16"]
[White "Pater, Peter"]
[Black "Nemeth, Zeteny"]
[Result "1-0"]
[ECO "A65"]
[WhiteElo "1901"]
[BlackElo "1285"]
[Annotator "NA"]
[PlyCount "89"]
[EventDate "2019.06.21"]
[EventType "swiss"]
[EventCountry "HUN"]
[SourceTitle "playchess.com"]
[Source "ChessBase"]
[SourceQuality "1"]
[TimeControl "40/5400+30:1800+30"]

1. d4 Nf6 2. c4 c5 3. d5 e6 4. Nc3 exd5 5. cxd5 d6 6. e4 g6 7. Bg5 Bg7 8. Bb5+ Bd7 9. Bd3 O-O 10. Qd2 Re8 11. Nge2 Na6 12. O-O Nc7 13. a4 a6 14. a5 Bb5 15. Ng3 Qd7 16. Rae1 Ng4 17. h3 Ne5 18. Nxb5 Nxb5 19. f4 Nxd3 20. Qxd3 Qc7 21. f5 c4 22. Qf3 Nd4 23. Qg4 h6 24. Be3 Nc2 25. f6 Bf8 26. Nf5 h5 27. Qg5 Nxe3 28. Rxe3 Kh7 29. Rg3 Rxe4 30. Ne7 Bxe7 31. fxe7 Qxe7 32. Qd2 Kg7 33. Rgf3 Rf8 34. Qc2 Qe5 35. Qf2 Qxd5 36. Kh1 Re7 37. Rf6 Qxa5 38. Rxg6+ Kxg6 39. Qf6+ Kh7 40. Qxe7 Kg8 41. Qxd6 Qb5 42. Qf6 Kh7 43. Rf5 Qc6 44. Rxh5+ Kg8 45. Rh8# 1-0

[Event "HUN-ch U8-U18 2019"]
[Site "Balatonlelle"]
[Date "2019.06.22"]
[Round "2.17"]
[White "Udvardi, Zalan"]
[Black "Vodila, Martin Botond"]
[Result "1-0"]
[ECO "B01"]
[WhiteElo "2211"]
[BlackElo "2243"]
[Annotator "NA"]
[PlyCount "57"]
[EventDate "2019.06.21"]
[EventType "swiss"]
[EventCountry "HUN"]
[SourceTitle "playchess.com"]
[Source "ChessBase"]
[SourceQuality "1"]
[TimeControl "40/5400+30:1800+30"]

1. e4 d5 2. exd5 Qxd5 3. Nc3 Qa5 4. d4 Nf6 5. Nf3 c6 6. Bd2 Bf5 7. Bc4 e6 8. Ne2 Qb6 9. Ng3 Bg6 10. O-O Nbd7 11. Qe2 O-O-O 12. a4 Bd6 13. b4 h5 14. Rfb1 h4 15. Nf1 h3 16. g3 Bh5 17. a5 Qc7 18. b5 cxb5 19. Bxb5 a6 20. Bxa6 Bxf3 21. Qxf3 bxa6 22. Rb3 Nd5 23. c4 N5f6 24. Rab1 Nb8 25. c5 Nd5 26. cxd6 Rxd6 27. Rxb8+ Qxb8 28. Rxb8+ Kxb8 29. Qxf7 1-0